 Dungeon Crawl Stone Soup version 0.26.1-11-gd32895ea62 (webtiles) character file.

Game seed: 146131418657236957

119 Almogavar the Chiller (level 5, -4/35 HPs)
             Began as a Merfolk Ice Elementalist on May 30, 2021.
             Killed from afar by an orc wizard (7 damage)
             ... with a magic dart
             ... on level 3 of the Dungeon.
             The game lasted 00:10:53 (3183 turns).

Almogavar the Chiller (Merfolk Ice Elementalist)    Turns: 3183, Time: 00:10:53

Health: -4/35      AC:  4    Str:  8    XL:     5   Next: 3%
Magic:  8/9        EV: 12    Int: 15    God:
Gold:   106        SH:  0    Dex: 15    Spells: 6/10 levels left

rFire    + . .     SeeInvis .   i - +0 spear
rCold    . . .     Faith    .   (no shield)
rNeg     . . .     Spirit   .   h - +0 leather armour {rF+}
rPois    +         Reflect  .   (no helmet)
rElec    .         Harm     .   (no cloak)
rCorr    .         Rampage  .   (no gloves)
Will     .....                  k - +0 pair of boots
Stlth    ++........             (no amulet)
HPRegen  0.11/turn              e - ring of poison resistance
MPRegen  0.11/turn              (no ring)

@: flying
A: change form in water, swift swim, stealthy swim
a: no special abilities


You were on level 3 of the Dungeon.
You visited 1 branch of the dungeon, and saw 3 of its levels.

You collected 106 gold pieces.

Inventory:

Hand Weapons
 i - a +0 spear (weapon)
Missiles
 b - 49 stones (quivered)
Armour
 c - a +0 buckler
 h - a +0 leather armour of fire resistance (worn)
 k - a +0 pair of boots (worn)
Jewellery
 e - a ring of poison resistance (left hand)
Scrolls
 d - 2 scrolls of enchant armour
 f - a scroll of blinking
 g - a scroll of fog
 j - 2 scrolls of amnesia
 l - a scroll of teleportation
Potions
 m - a potion of flight


   Skills:
 + Level 0.5 Polearms
 + Level 0.1 Throwing
 + Level 2.8 Dodging
 + Level 2.5 Stealth
 + Level 3.2 Spellcasting
 + Level 5.7 Ice Magic


You had 6 spell levels left.
You knew the following spells:

 Your Spells              Type           Power        Failure   Level
a - Freeze                Ice            76%          2%          1
b - Frozen Ramparts       Ice            38%          9%          3

Your spell library contained the following spells:

 Spells                   Type           Power        Failure   Level
 Ozocubu's Armour         Ice            19%          9%          3
 Hailstorm                Conj/Ice       11%          65%         4
 Summon Ice Beast         Ice/Summ       11%          65%         4


Dungeon Overview and Level Annotations

Branches:
Dungeon (3/15)

Altars:
Hepliaklqana


Message History

Something hits you but does no damage. Something hits you.
* * * LOW HITPOINT WARNING * * *
A magic dart appears from out of thin air!
The magic dart hits you.
* * * LOW HITPOINT WARNING * * *
Casting: Freeze (safe; 2% risk of failure)
Confirm with . or Enter, or press ? or * to list all spells.
You can't see any susceptible monsters within range! (Use Z to cast anyway.) Unknown command.
It was a potion of flight.
You feel very buoyant.
You fly up into the air.
You hear some strange, mumbled words.
A puff of frost appears from out of thin air!
The puff of frost misses you. Something hits you but does no damage.
A magic dart appears from out of thin air!
The magic dart hits you!
You die...

######## #########
#......#######.......#
#...>...#......#####.#
##.####..#.####.####
#.....#..#.#....{..#
#..##...[)...#..##.#
#..####..#.#...@##.#
#........#............#
##.......#########.####
###.####### #.#
......#############.#
..................<.#
.##.#.........####..#
.#..#.........#
.#.##.........#


There were no monsters in sight!

Vanquished Creatures
  A worker ant (D:2)
  4 gnolls (D:2)
  2 dart slugs (D:1)
  A leopard gecko (D:2)
  6 orcs (D:3)
  3 giant cockroaches (D:1)
  5 goblins
  3 hobgoblins
  7 kobolds
  A quokka (D:3)
  4 bats
  4 frilled lizards
  8 rats
49 creatures vanquished.

Notes
Turn   | Place    | Note
-------+----------+-------------------------------------------
     0 | D:1      | Almogavar the Merfolk Ice Elementalist began the quest for
                  | the Orb.
     0 | D:1      | Reached XP level 1. HP: 13/13 MP: 3/3
   450 | D:1      | Reached XP level 2. HP: 19/19 MP: 3/5
   605 | D:1      | You fall into a shaft and drop 1 floor!
   748 | D:2      | Reached skill level 5 in Ice Magic
   938 | D:1      | Reached XP level 3. HP: 23/24 MP: 3/6
  1771 | D:2      | Reached XP level 4. HP: 13/30 MP: 2/8
  2002 | D:2      | Learned a level 3 spell: Frozen Ramparts
  2906 | D:3      | Found a hazy altar of Hepliaklqana.
  3033 | D:3      | Reached XP level 5. HP: 31/35 MP: 6/9
  3183 | D:3      | Killed from afar by an orc wizard

Illustrated notes

Levels and vault maps discovered:
D:1:      minmay_arrival_open_corners, layout_basic
D:2:      layout_loops_corners
D:3:      layout_loops_cross, kb_xom_exploding_sheep,
          nemelex_xobeh_ov_fountains_minmay, lemuel_round_altar,
          nzn_hepliaklqana_mist_gate, uniq_crazy_yiuf_cottage

Skill      XL: |  1  2  3  4 |
---------------+-------------+-----
Ice Magic      | 5 |  5.7
Spellcasting   | 3 |  3.2
Polearms       | |  0.5
Throwing       | |  0.1
Dodging        | |  2.8
Stealth        | |  2.5

Action                   |  1- 3 |  4- 6 || total
-------------------------+-------+-------++-------
Melee: Unarmed           |     1 |       ||     1
       Dagger            |     4 |       ||     4
       Spear             |       |    31 ||    31
Throw: Stone             |     9 |    17 ||    26
 Cast: Freeze            |    42 |    23 ||    65
       Frozen Ramparts   |       |     3 ||     3
  Use: Scroll            |     3 |     4 ||     7
       Potion            |       |     1 ||     1
 Stab: Sleeping          |     2 |     3 ||     5
Armor: Robe              |     7 |     1 ||     8
       Leather armour    |       |     9 ||     9
Dodge: Dodged            |    23 |    17 ||    40
